 Dungeon Crawl Stone Soup version 0.30.1 (webtiles) character file.

Game seed: 350449018637238725

40100 cdecastro the Fighter (level 14, -1/121 HPs)
             Began as a Djinni Ice Elementalist on July 10, 2023.
             Was a Priest of Ashenzari.
             Slain by a death yak (9 damage)
             ... on level 4 of the Lair of Beasts on July 11, 2023.
             The game lasted 01:05:48 (21552 turns).

cdecastro the Fighter (Djinni Ice Elementalist)    Turns: 21552, Time: 01:05:49

Health: -1/121     AC: 23    Str:  9    XL:     14   Next: 43%
Gold:   870        EV: 13    Int: 27    God:    Ashenzari [***...] SH:  0 Dex: 15

rFire   + + .        M - +2 scimitar (venom)
rCold   x . .        (no shield)
rNeg    + . .        N - +4 ring mail "Pangnostic Gloom" {rN+ Str+2, Self, Fort} (curse)
rPois   ∞            A - +2 hat of the Sibylline Cynicism {Self, Melee} (curse)
rElec   .            H - +1 cloak "Behold Eternity" {Rampage, Evo, Self} (curse)
rCorr   .            G - +0 pair of gloves of the Esoteric Omen {Evo, Self} (curse)
SInv    +            (boots unavailable)
Will    ++...        (no amulet)
Stlth   +++          l - ring of willpower
HPRegen 0.40/turn    E - ring of Toth-Mos's Legacy {Int+6, Cun, Self} (curse)
MPRegen 0.00/turn

%: clarity, rampage, infuse magic (-2 HP)
@: ice-armoured, freezing walls, animating dead, flying, studying Long Blades
A: sickness immunity, fire resistance 2, cold vulnerability 1, float, innate
caster, HP casting, extra vitality 1
a: Renounce Religion, Curse Item, Shatter the Chains


You were on level 4 of the Lair of Beasts.
You worshipped Ashenzari.
Ashenzari was most pleased with you.
You visited 3 branches of the dungeon, and saw 18 of its levels.
You also visited: Ice Cave.

You collected 870 gold pieces.

Inventory:

Hand Weapons
 M - a +2 scimitar of venom (weapon)
 O - a +4 dagger
Missiles
 x - 5 atropa-tipped darts
 J - 5 curare-tipped darts
Armour
 d - a +2 ring mail of willpower
 A - the cursed +2 hat of the Sibylline Cynicism (worn) {Self, Melee}
   (You found it on level 5 of the Dungeon)

   It has a curse which improves the following skills: Introspection: Fighting
   and Spellcasting.
   Melee Combat: Short Blades, Long Blades, Axes, Maces & Flails, Polearms,
   Staves and Unarmed Combat.
 G - the cursed +0 pair of gloves of the Esoteric Omen (worn) {Evo, Self}
   (You found it on level 4 of the Dungeon)

   It has a curse which improves the following skills: Evocations: Evocations.
   Introspection: Fighting and Spellcasting.
 H - the cursed +1 cloak "Behold Eternity" (worn) {Rampage, Evo, Self}
   (You found it on level 6 of the Dungeon)

   Rampage:   It bestows one free step when moving towards enemies.
   It has a curse which improves the following skills: Evocations: Evocations.
   Introspection: Fighting and Spellcasting.
 N - the cursed +4 ring mail "Pangnostic Gloom" (worn) {rN+ Str+2, Self, Fort}
   (You found it on level 8 of the Dungeon)

   Str:       It affects your strength (+2).
   rN:        It protects you from negative energy.
   It has a curse which improves the following skills: Introspection: Fighting
   and Spellcasting.
   Fortitude: Armour and Shields.
 S - a +1 helmet of see invisible
 Y - a +1 troll leather armour
 Z - a +2 robe of cold resistance
Magical Staves
 y - a staff of conjuration
 P - a staff of air
Jewellery
 l - a ring of willpower (left hand)
 E - the cursed ring of Toth-Mos's Legacy (right hand) {Int+6, Cun, Self}
   (You found it on level 6 of the Dungeon)

   [ring of intelligence]

   Int:       It affects your intelligence (+6).
   It has a curse which improves the following skills: Cunning: Dodging and
   Stealth.
   Introspection: Fighting and Spellcasting.
 V - a ring of protection from cold
 X - a ring of fire
Wands
 h - a wand of flame (8)
 o - a wand of polymorph (6)
 s - a wand of mindburst (14)
 u - a wand of paralysis (13)
 K - a wand of quicksilver (27)
 Q - a wand of roots (6)
 W - a wand of digging (5)
Scrolls
 a - a scroll of torment
 e - 14 scrolls of teleportation
 g - a scroll of brand weapon
 i - 4 scrolls of fog
 k - 2 scrolls of blinking
 p - 5 scrolls of magic mapping
 t - a scroll of butterflies
 w - 4 scrolls of poison
 B - 3 scrolls of vulnerability
 C - 2 scrolls of immolation
 F - 2 scrolls of silence
 I - a scroll of enchant weapon
 U - 2 scrolls of fear
Potions
 b - 4 potions of ambrosia
 c - 3 potions of haste
 f - 4 potions of flight
 j - 2 potions of resistance
 m - 12 potions of curing
 n - 3 potions of brilliance
 q - 3 potions of mutation
 r - 4 potions of degeneration
 v - 2 potions of might
 z - 2 potions of heal wounds
 D - 5 potions of lignification
 L - 3 potions of berserk rage
 R - a potion of attraction
Miscellaneous
 T - a box of beasts


   Skills:
 + Level 13.9(18.1) Fighting
 * Level 12.6(14.0) Long Blades
 - Level 6.4(7.9) Armour
 - Level 5.2(6.7) Dodging
 - Level 5.0(6.4) Stealth
 - Level 8.9(13.1) Spellcasting
 - Level 7.1(9.4) Evocations


You knew the following spells:

 Your Spells              Type           Power      Damage    Failure   Level
a - Freeze                Ice            100%       1d10      1%          1
b - Frozen Ramparts       Ice            100%       1d16      1%          3
c - Ozocubu's Armour      Ice            73%        N/A       1%          3
d - Summon Ice Beast      Ice/Summ       73%        N/A       1%          4
e - Shock                 Conj/Air       100%       1d9       1%          1
f - Scorch                Fire           100%       2d9       1%          2
g - Momentum Strike       Conj/Tloc      100%       3d10      1%          2
h - Animate Dead          Necr           73%        N/A       1%          4
i - Anguish               Hex/Necr       36%        N/A       1%          4
j - Fireball              Conj/Fire      36%        3d15      1%          5
Your spell library was empty.

Dungeon Overview and Level Annotations

Branches:
Dungeon (13/15)            Temple (1/1) D:4            Lair (4/5) D:10
 Shoals (0/4) Lair:2        Snake (0/4) Lair:3          Orc (0/2) D:11
  IceCv (visited)
  Slime: Lair:4-5    Vaults: D:13-14

Altars:
Ashenzari
Cheibriados
Dithmenos
Elyvilon
Fedhas
Gozag
Hepliaklqana
Makhleb
Nemelex Xobeh
Okawaru
Qazlal
Ru
Trog
Uskayaw
Wu Jian
Xom
Yredelemnul
Zin
The Shining One


Innate Abilities, Weirdness & Mutations

You are immune to sickness and miasma.
You are immune to poison.
Your flesh is very heat resistant. (rF++)
You are vulnerable to cold. (rC-)
You float through the air rather than walking.
You learn spells naturally, not from books.
Your magical power is your life essence.
You have superior vitality. (+4 MHP)


Message History

Unknown command.
Unknown command.
You hit the death yak.
The death yak looks as sick as possible!
The death yak is lightly wounded.
The wall freezes the death yak.
The death yak misses you.
The wall freezes the death yak.
The wall freezes the death yak!
You kill the death yak!
The dead are walking!
The wall freezes the death yak.
The wall freezes the death yak but does no damage.
Your death yak zombie gores the death yak!
Unknown command.
Unknown command.
You hit the death yak.
The death yak looks as sick as possible!
The death yak is moderately wounded.
The wall freezes the rime drake but does no damage.
Unknown command.
Unknown command.
Unknown command.
You slash the death yak!
The death yak looks as sick as possible!
The death yak is heavily wounded.
The wall freezes the death yak but does no damage. x2
The death yak gores you!
* * * LOW HITPOINT WARNING * * *
The wall freezes the death yak but does no damage.
The death yak gores your death yak zombie!!
The rime drake resists.
The wall freezes the rime drake.
Your death yak zombie gores the death yak!
Unknown command.
Unknown command.
Unknown command.
You hit the death yak but do no damage.
The death yak looks as sick as possible!
The death yak is severely wounded.
The wall freezes the death yak!
The death yak gores you!!
* * * LOW HITPOINT WARNING * * *
The wall freezes the death yak.
The death yak gores you!
You die...

* #PP.....#######...
.........##.#.#...
#................. ,
* #....>........#...
....
#..........?###... ,
,,....
#.................
..... *
##..........####. ,
..... ##.........PP#
## ,
......##@ZZ.....#####
# , ......#YY##....##
# ......kY####..##
.......Y.# ##.P# , ,
........## #### ,
........# * ,
........# * * ,
....$...#*,, *
,*##......#, ,,


You could see 4 death yaks, a rime drake (anguished) and 2 friendly death yak
zombies.

Vanquished Creatures
  A reaper (IceCv)
  Fannar (D:11)
  A hydra (D:12)
  A two-headed ogre (D:12)
  2 boulder beetles (D:12)
  2 death yaks (Lair:4)
  Urug (D:11)
  A deep elf pyromancer (D:12)
  A cyclops (D:12)
  A salamander (Lair:3)
  6 elephants
  A black mamba (Lair:1)
  2 ice statues (IceCv)
  5 cane toads
  An unseen horror (D:10)
  4 anaconda simulacra (IceCv)
  2 rime drakes (Lair:3)
  2 komodo dragons
  6 ice devils (IceCv)
  3 kobold demonologists
  6 trolls
  3 hornets
  2 dire elephant simulacra (IceCv)
  A shadow (D:11)
  26 yaks
  3 steam dragons
  3 wyverns
  2 basilisks
  2 vampire mosquitoes (D:12)
  A harpy simulacrum (IceCv)
  2 acid dragons
  9 water moccasins
  2 black bears
  3 hydra simulacra (IceCv)
  4 orc warriors
  2 ice beasts (D:6)
  3 sky beasts
  11 wolves
  A boggart (D:8)
  3 centaurs
  2 ogres
  2 phantoms
  5 kobold brigands
  10 bullfrogs
  2 gnoll sergeants (D:8)
  2 cane toad simulacra (IceCv)
  3 scorpions
  10 wights
  A two-headed ogre simulacrum (D:12)
  2 elephant simulacra (D:12)
  5 killer bees (D:8)
  An electric eel (Lair:3)
  2 howler monkeys (D:8)
  2 lava snakes (Lair:3)
  4 hounds
  10 orc priests
  A jelly (D:6)
  A sleepcap (D:8)
  3 iguanas
  12 orc wizards
  2 polar bear simulacra
  2 troll simulacra
  A wolf simulacrum (D:12)
  15 gnolls
  4 adders
  A naga simulacrum (D:12)
  5 white imps
  2 ufetubi (D:5)
  A worm (D:4)
  A dart slug (D:2)
  40 orcs
  10 ball pythons
  4 endoplasms
  4 giant cockroaches
  A gnoll zombie (D:8)
  5 goblins
  12 hobgoblins
  9 jackals
  30 kobolds
  5 quokkas
  6 bats
  3 frilled lizards (D:1)
  8 rats
384 creatures vanquished.

Vanquished Creatures (collateral kills)
  A centaur warrior (D:8)
  A two-headed ogre (D:10)
  4 black mambas
  2 komodo dragons
  2 blink frogs (Lair:2)
  6 yaks
  2 wraiths (D:12)
  A steam dragon (D:8)
  A basilisk (D:8)
  A vampire mosquito (D:12)
  5 water moccasins
  2 black bears
  A wolf (Lair:2)
  A kobold brigand (D:11)
  A bullfrog (Lair:3)
  A killer bee (D:8)
  An orc priest (D:9)
  A jelly (D:7)
  A troll simulacrum (D:12)
  5 orcs
  2 kobolds
42 creatures vanquished.

Vanquished Creatures (others)
  2 harpies (Lair:2)
  2 elephants (Lair:3)
  A troll (D:9)
  A blink frog (Lair:2)
  A black mamba zombie (Lair:3)
  A wyvern (D:10)
  5 yaks
  A two-headed ogre zombie (D:12)
  4 orc warriors
  A black bear (D:10)
  A wolf (Lair:2)
  A wyvern zombie (D:10)
  3 water moccasin zombies
  16 yak zombies
  7 wolf zombies (Lair:2)
  A bullfrog zombie (Lair:2)
  A basilisk zombie (D:10)
  An orc wizard (D:8)
  An acid dragon zombie (D:11)
  An ogre zombie (D:9)
  A hound zombie (D:7)
  A howler monkey zombie (D:8)
  A shadow imp (D:8)
  7 orcs (D:9)
  8 kobold zombies
  23 orc zombies
93 creatures vanquished.

Grand Total: 519 creatures vanquished

Notes
Turn   | Place    | Note
-------+----------+-------------------------------------------
     0 | D:1      | cdecastro the Djinni Ice Elementalist began the quest for
                  | the Orb.
     0 | D:1      | cdecastro set off with the following spells memorised:
                  | Freeze, Frozen Ramparts, Ozocubu's Armour, Summon Ice
                  | Beast.
     0 | D:1      | Reached XP level 1. HP: 15/15 MP: 0/0
   131 | D:1      | Reached XP level 2. HP: 18/22 MP: 0/0
   306 | D:1      | Reached skill level 1 in Fighting
   432 | D:1      | Reached XP level 3. HP: 23/27 MP: 0/0
   432 | D:1      | Learned a level 1 spell: Shock
  1423 | D:2      | Reached XP level 4. HP: 28/32 MP: 0/0
  1975 | D:3      | Found a broken altar of Ashenzari.
  1993 | D:3      | Became a worshipper of Ashenzari the Shackled
  2889 | D:4      | Reached skill level 2 in Fighting
  2889 | D:4      | Reached XP level 5. HP: 34/38 MP: 0/0
  2889 | D:4      | Learned a level 2 spell: Scorch
  2914 | D:4      | Found a staircase to the Ecumenical Temple.
  2999 | Temple   | Entered the Ecumenical Temple
  3451 | D:4      | Reached XP level 6. HP: 37/45 MP: 0/0
  3617 | D:4      | Reached skill level 3 in Fighting
  3709 | D:4      | Noticed a black bear
  3724 | D:4      | Reached skill level 5 in Spellcasting
  3820 | D:5      | Entered Level 5 of the Dungeon
  4045 | D:5      | Reached XP level 7. HP: 40/50 MP: 0/0
  4045 | D:5      | Learned a level 2 spell: Momentum Strike
  4280 | D:5      | Found a basalt altar of Yredelemnul.
  4499 | D:5      | Reached skill level 4 in Fighting
  4729 | D:5      | Reached XP level 8. HP: 50/58 MP: 0/0
  4794 | D:5      | Found an iron altar of Okawaru.
  5053 | D:6      | Identified the +0 robe "Weazom" {Rampage}
  5058 | D:6      | Found a shadowy altar of Dithmenos.
  5117 | D:6      | Found a blossoming altar of Fedhas.
  5132 | D:6      | Reached skill level 5 in Fighting
  5313 | D:6      | Reached XP level 9. HP: 58/66 MP: 0/0
  5313 | D:6      | Learned a level 4 spell: Animate Dead
  5521 | D:4      | Reached skill level 6 in Fighting
  5849 | D:6      | Found a snail-covered altar of Cheibriados.
  5999 | D:6      | Identified the +1 cloak of Okawaru's Indignation {Rampage}
  6200 | D:7      | Reached * piety under Ashenzari
  6386 | D:7      | Found a sparkling altar of Nemelex Xobeh.
  6557 | D:7      | Reached skill level 7 in Fighting
  6955 | D:7      | Reached XP level 10. HP: 72/77 MP: 0/0
  7562 | D:8      | Found a stormy altar of Qazlal.
  7562 | D:8      | Identified the +4 ring mail "Quenlasi" {rN+ Str+2}
  7612 | D:8      | Reached ** piety under Ashenzari
  7681 | D:8      | Reached skill level 8 in Fighting
  7743 | D:8      | Reached skill level 5 in Evocations
  8512 | D:8      | Noticed a centaur warrior
  8565 | D:8      | Killed a centaur warrior
  8577 | D:8      | Reached skill level 9 in Fighting
  8577 | D:8      | Reached XP level 11. HP: 45/87 MP: 0/0
  8577 | D:8      | Learned a level 4 spell: Anguish
  9169 | D:8      | Reached skill level 1 in Long Blades
 10230 | D:9      | Reached skill level 5 in Long Blades
 10233 | D:9      | Reached skill level 10 in Fighting
 10367 | D:9      | Identified the +1 robe of Ovumiv {+Inv rCorr Int-4 Dex+7}
 10529 | D:10     | Entered Level 10 of the Dungeon
 11204 | D:10     | Found a staircase to the Lair.
 11211 | D:10     | Reached XP level 12. HP: 77/96 MP: 0/0
 11238 | D:10     | Noticed a two-headed ogre
 11251 | D:10     | Killed a two-headed ogre
 11617 | D:11     | Reached skill level 5 in Stealth
 11642 | D:11     | Reached *** piety under Ashenzari
 11699 | D:11     | Noticed Urug
 11709 | D:11     | Killed Urug
 11910 | D:11     | Reached skill level 11 in Fighting
 11938 | D:11     | Found a staircase to the Orcish Mines.
 12147 | D:11     | Noticed a sixfirhy
 12262 | D:11     | Found a glowing silver altar of Zin.
 12321 | D:11     | Noticed Fannar
 12345 | D:11     | Killed Fannar
 12346 | D:11     | Reached skill level 5 in Dodging
 12778 | D:12     | Noticed a boulder beetle
 12789 | D:12     | Killed a boulder beetle
 12790 | D:12     | Reached skill level 1 in Armour
 13061 | D:12     | Found a frozen archway.
 13077 | IceCv    | Entered an ice cave
 15486 | IceCv    | Reached skill level 5 in Armour
 15890 | IceCv    | Reached XP level 13. HP: 85/108 MP: 0/0
 15890 | IceCv    | Learned a level 5 spell: Fireball
 15995 | IceCv    | Reached skill level 12 in Fighting
 16240 | IceCv    | Noticed a reaper
 16268 | IceCv    | Killed a reaper
 16654 | D:12     | Noticed an eight-headed hydra
 16698 | D:12     | Killed an eight-headed hydra
 17992 | Lair:1   | Entered Level 1 of the Lair of Beasts
 19161 | Lair:2   | Reached skill level 13 in Fighting
 19366 | Lair:2   | Identified a scroll of acquirement
 19376 | Lair:2   | Acquired a manual of Long Blades
 19595 | Lair:2   | Found a staircase to the Shoals.
 20236 | Lair:3   | Reached skill level 10 in Long Blades
 20236 | Lair:3   | Reached XP level 14. HP: 74/119 MP: 0/0
 20775 | Lair:3   | Found a staircase to the Snake Pit.
 21552 | Lair:4   | Slain by a death yak

Illustrated notes

Levels and vault maps discovered:
D:1:      wheals_arrival_linesprint, layout_rooms, lexackson_kobold_supper
D:2:      layout_basic
D:3:      layout_basic, mainiacjoe_overflow_tiny_flanked
D:4:      layout_basic, minmay_temple_entry_nine_rooms
D:5:      layout_cave_pools, lemuel_coloured_pillars_altar,
          okawaru_altar_gauntlet_db, minmay_chambers_of_fives
D:6:      layout_gridville, fedhas_bush_and_centaur_altar, old_standard_altar,
          gammafunk_temple_overflow_elements, hangedman_decor_points
D:7:      layout_gridville, mainiacjoe_overflow_chevrons, corexii_hall_statues_x
D:8:      nzn_winding_woodlands_stair_cross
          [nzn_winding_woodlands_5x15_pathside_ponds,
          nzn_winding_woodlands_center_lodge, nzn_winding_woodlands_5x15_pool,
          nzn_winding_woodlands_5x5_perimeter,
          nzn_winding_woodlands_5x5_open_star, nzn_winding_woodlands_5x15_cabin,
          nzn_winding_woodlands_center_diamonds,
          nzn_winding_woodlands_5x15_zeroes], layout_loops_cross,
          mainiacjoe_overflow_brackets
D:9:      layout_loops_ring, special_room [special_room_orc]
D:10:     layout_loops_ring, david_lair_generic
D:11:     layout_small_grid, orc_0_dummy, zin_academy, uniq_urug, uniq_fannar
D:12:     layout_loops_corners, portal_ice_cave_entry_ice_simulacra,
          vehumet_altar_wand_db
D:13:     layout_basic, david_vaults_1
Temple:   nicolae_temple_figure_eight
Lair:1:   layout_cave_shapes, grunt_megastairs_2
Lair:2:   layout_cave_shapes, nicolae_shoals_entry_roost,
          infiniplex_staircase_pool, grunt_megastairs_3
Lair:3:   layout_gridlike, nicolae_snake_entry_warm_welcome
Lair:4:   minmay_lair_venomous_thicket, layout_cave_pods,
          gammafunk_ghost_wrathful_warriors, columned_hall_lemuel,
          kennysheep_basilisk_garden

Skill      XL: |  1  2  3  4  5  6  7  8  9 10 11 12 13 14 |
---------------+-------------------------------------------+-----
Fighting       | 1 2 3 4 5 7 9 10 11 13 | 13.9
Spellcasting   | 4 5 6 7 8 |  8.9
Evocations     | 6 7 |  7.1
Long Blades    | 5 10 12 | 12.6
Stealth        | 3 5 |  5.0
Dodging        | 5 |  5.2
Armour         | 5 6 |  6.4

Action                     |  1- 3 |  4- 6 |  7- 9 | 10-12 | 13-15 || total
---------------------------+-------+-------+-------+-------+-------++-------
  Melee: Unarmed           |     1 |       |       |       |       ||     1
         Dagger            |     2 |     1 |       |       |       ||     3
         Rapier            |       |    49 |    45 |     4 |       ||    98
         Punch             |       |       |     1 |     6 |     4 ||    11
         Scimitar          |       |       |       |   124 |   196 ||   320
  Throw: Dart              |       |     2 |       |       |     1 ||     3
   Cast: Freeze            |    66 |    36 |       |     2 |       ||   104
         Frozen Ramparts   |       |     8 |    26 |    35 |    12 ||    81
         Scorch            |       |    10 |    61 |   294 |    64 ||   429
         Summon Ice Beast  |       |       |     7 |    25 |     8 ||    40
         Animate Dead      |       |       |     2 |    10 |     6 ||    18
         Ozocubu's Armour  |       |       |       |     5 |     4 ||     9
         Anguish           |       |       |       |     7 |    10 ||    17
         Fireball          |       |       |       |       |     9 ||     9
 Invoke: Curse Item        |       |       |     2 |     2 |     1 ||     5
  Evoke: Wand              |       |       |       |     4 |       ||     4
    Use: Scroll            |       |       |       |       |     3 ||     3
   Stab: Sleeping          |     1 |     2 |       |       |     9 ||    12
         Paralysed         |       |       |       |     5 |       ||     5
         Distracted        |       |       |       |       |     1 ||     1
 Armour: Robe              |    11 |     9 |    22 |    39 |     3 ||    84
         Ring mail         |       |       |       |   109 |    73 ||   182
  Dodge: Dodged            |    37 |    46 |    58 |   200 |   151 ||   492
